 Dungeon Crawl Stone Soup version 0.31-a0-690-g7ce4588941 (webtiles) character file.

Game seed: 8638637946999956954

1948 stefukn the Spear-Bearer (level 9, -15/79 HPs)
             Began as a Hill Orc Berserker on Sept 6, 2023.
             Was a Priest of Trog.
             Demolished by an orc warrior
             ... wielding a +0 scimitar
              (18 damage)
             ... on level 6 of the Dungeon.
             The game lasted 00:14:28 (5735 turns).

stefukn the Spear-Bearer (Hill Orc Berserker)       Turns: 5735, Time: 00:14:28

Health: -15/79     AC:  8    Str: 24    XL:     9   Next: 18%
Magic:  9/9        EV: 14    Int:  7    God:    Trog [***...]
Gold:   356        SH:  0    Dex: 16    Spells: 8/8 levels left

rFire   . . .        a - +0 spear (heavy)
rCold   . . .        (no shield)
rNeg    . . .        u - +0 steam dragon scales
rPois   +            l - +1 helmet
rElec   .            (no cloak)
rCorr   .            z - +0 pair of gloves
SInv    .            (no boots)
Will    .....        (no amulet)
Stlth   ++           g - ring of poison resistance
HPRegen 0.33/turn    k - +6 ring of dexterity
MPRegen 0.11/turn

%: no passive effects
@: no status effects
A: no striking features
a: Renounce Religion, Berserk, Trog's Hand


You were on level 6 of the Dungeon.
You worshipped Trog.
Trog was most pleased with you.
You visited 1 branch of the dungeon, and saw 6 of its levels.

You collected 356 gold pieces.

Inventory:

Hand Weapons
 a - a +0 heavy spear (weapon)
Missiles
 t - a throwing net
Armour
 l - a +1 helmet (worn)
 u - +0 steam dragon scales (worn)
 z - a +0 pair of gloves (worn)
Jewellery
 g - a ring of poison resistance (left hand)
 k - a +6 ring of dexterity (right hand)
Talismans
 o - a granite talisman
Wands
 b - a wand of paralysis (20)
 c - a wand of polymorph (7)
 e - a wand of digging (5)
 n - a wand of mindburst (9)
 x - a wand of light (6)
Scrolls
 f - a scroll of blinking
 h - a scroll of silence
 p - a scroll of noise
 q - a scroll of revelation {unknown}
 v - a scroll of vulnerability {unknown}
 w - a scroll of immolation {unknown}
 y - a scroll of enchant weapon {unknown}
 A - a scroll of poison {unknown}
Potions
 d - 3 potions of enlightenment {unknown}
 i - 3 potions of haste {unknown}
 j - 3 potions of magic {unknown}
 m - a potion of degeneration {unknown}
 r - a potion of lignification {unknown}
 s - a potion of curing {unknown}


   Skills:
 + Level 7.6 Fighting
 + Level 8.6 Polearms
 + Level 2.4 Armour
 + Level 5.3 Dodging
 + Level 3.1 Stealth


You had 8 spell levels left.
You didn't know any spells.
Your spell library was empty.

Dungeon Overview and Level Annotations

Branches:
Dungeon (6/15)
 Temple: D:4-7

Altars:
Fedhas
Hepliaklqana
Ru
Sif Muna
Trog
The Shining One


Message History

The gnoll shouts!
You closely miss the orc warrior. You closely miss the orc warrior.
The orc warrior hits you with a +0 scimitar! x2
You puncture the orc warrior!
The orc warrior is heavily wounded.
The gnoll bouda gazes fiercely through you!
You feel your attacks grow feeble.
The orc warrior hits you but does no damage.
You hit the orc warrior but do no damage.
You punch the orc warrior, but do no damage.
The orc warrior is heavily wounded.
The orc warrior hits you with a +0 scimitar!
You hit the orc warrior.
The orc warrior is heavily wounded.
The orc warrior hits you with a +0 scimitar!
You hit the orc warrior but do no damage.
The orc warrior is heavily wounded.
The orc warrior hits you with a +0 scimitar.
You barely miss the orc warrior.
The orc warrior is heavily wounded.
The orc warrior misses you.
You hit the orc warrior.
The orc warrior is severely wounded.
The orc warrior hits you with a +0 scimitar.
* * * LOW HITPOINT WARNING * * *
You hit the orc warrior.
The orc warrior is severely wounded.
The orc warrior hits you with a +0 scimitar!
* * * LOW HITPOINT WARNING * * *
You hit the orc warrior but do no damage.
The orc warrior is severely wounded.
The gnoll is no longer moving quickly.
The orc warrior hits you with a +0 scimitar.
* * * LOW HITPOINT WARNING * * *
You hit the orc warrior but do no damage.
The orc warrior is severely wounded.
Your attacks no longer feel as feeble.
The orc warrior hits you with a +0 scimitar!!
You die...

#............')8#.......##.#.#
#............#.P#..####.##.#..
##.####......####.......##....
#......#######....###..##....
#......# #...........##....
#......# #.#....##.........
#......# #.#....##..###.###
#......# #.#....##........#
#......# #@#....##.#......#
#.....## #o#....##.#.#....#
#..........gg#....##...#....#
#.........goo#...........#..#
#...........g#.....#######..#
........#####.# #...
#...(...#####)# ###...
#.......#.....## #.....
#...<...#......####.##..


You could see an orc warrior, a gnoll bouda, 3 gnolls and 2 orcs.

Vanquished Creatures
  The ghost of Kiciri the Grappler, a novice DrSh of Sif Muna (D:6)
  2 steam dragons
  A water moccasin (D:6)
  A sky beast (D:6)
  2 black bears
  A phantom (D:6)
  A kobold brigand (D:5)
  3 scorpions
  2 vampire bats (D:3)
  A jelly (D:6)
  2 hounds
  A gnoll bouda (D:6)
  2 sleepcaps
  An orc wizard (D:6)
  3 iguanas
  6 gnolls
  11 adders
  A white imp (D:6)
  2 ufetubi (D:4)
  2 worms
  8 orcs
  3 ball pythons
  2 endoplasms
  5 giant cockroaches
  9 goblins
  8 hobgoblins
  3 jackals (D:3)
  A quokka (D:3)
  14 bats
  13 kobolds
  9 rats
121 creatures vanquished.

Notes
Turn   | Place    | Note
-------+----------+-------------------------------------------
     0 | D:1      | stefukn the Hill Orc Berserker began the quest for the Orb.
     0 | D:1      | Reached XP level 1. HP: 19/19 MP: 1/1
   290 | D:1      | Reached XP level 2. HP: 25/27 MP: 2/2
  1337 | D:2      | Reached XP level 3. HP: 11/33 MP: 3/3
  1953 | D:2      | Reached skill level 4 in Polearms
  1953 | D:2      | Reached XP level 4. HP: 40/41 MP: 4/4
  2112 | D:3      | Reached ** piety under Trog
  2176 | D:3      | Noticed a black bear
  2189 | D:3      | Killed a black bear
  2190 | D:3      | Reached skill level 1 in Stealth
  2190 | D:3      | Reached XP level 5. HP: 47/47 MP: 5/5
  2391 | D:3      | Reached skill level 5 in Fighting
  2391 | D:3      | Reached skill level 5 in Polearms
  2396 | D:3      | Reached XP level 6. HP: 50/56 MP: 6/6
  3515 | D:4      | Noticed a black bear
  3522 | D:4      | Killed a black bear
  3523 | D:4      | Reached XP level 7. HP: 44/61 MP: 7/7
  3658 | D:4      | Found a bloodstained altar of Trog.
  3695 | D:4      | Reached *** piety under Trog
  3842 | D:4      | Found a blossoming altar of Fedhas.
  3990 | D:4      | Noticed a steam dragon
  4002 | D:4      | Killed a steam dragon
  4003 | D:4      | Reached skill level 6 in Polearms
  4271 | D:5      | Entered Level 5 of the Dungeon
  4415 | D:5      | Reached XP level 8. HP: 43/70 MP: 8/8
  4600 | D:5      | Found a sacrificial altar of Ru.
  4727 | D:5      | Found a hazy altar of Hepliaklqana.
  5008 | D:6      | Found a shimmering blue altar of Sif Muna.
  5015 | D:6      | Reached skill level 7 in Polearms
  5053 | D:6      | Found a glowing golden altar of the Shining One.
  5385 | D:6      | Reached skill level 8 in Polearms
  5385 | D:6      | Reached skill level 5 in Dodging
  5557 | D:6      | Found a runed translucent door.
  5557 | D:6      | Noticed Kiciri's ghost (novice DrSh)
  5635 | D:6      | Killed Kiciri's ghost
  5636 | D:6      | Reached XP level 9. HP: 57/79 MP: 9/9
  5734 | D:6      | HP: 3/79 [orc warrior/+0 scimitar (3)]
  5735 | D:6      | Demolished by an orc warrior

Illustrated notes

Levels and vault maps discovered:
D:1:      tarquinn_simple_flora_water_d, layout_basic,
          amcnicky_mini_corridor_feature
D:2:      layout_loops_ring
D:3:      layout_rooms, nicolae_overflow_hidden_temple, serial_rivers,
          chequers_serial_rivers_small_b, chequers_serial_rivers_micro_b,
          chequers_serial_rivers_small_3, chequers_serial_rivers_micro_d,
          chequers_serial_rivers_large_a, chequers_serial_rivers_room_a,
          minmay_misc_feat_tower, roderic_batcave
D:4:      layout_gridville, old_standard_altar, trog_hazing_becter
D:5:      layout_rooms, mainiacjoe_overflow_surrounded_room,
          worldfamousw_hep_ancestral_shrine, nicolae_nh_ransacked_shop
D:6:      layout_basic, lemuel_round_altar, mainiacjoe_overflow_tiny_flanked,
          gammafunk_ghost_grave, serial_shops, shop, kennysheep_generic_room_15

Skill      XL: |  1  2  3  4  5  6  7  8 |
---------------+-------------------------+-----
Fighting       | 4 5 6 7 |  7.6
Dodging        | 2 3 4 5 |  5.3
Polearms       | 4 5 6 8 |  8.6
Stealth        | 1 2 3 |  3.1
Armour         | |  2.4

Action                     |  1- 3 |  4- 6 |  7- 9 || total
---------------------------+-------+-------+-------++-------
  Melee: Spear             |   129 |   132 |   208 ||   469
         Punch             |     1 |       |     4 ||     5
 Invoke: Berserk           |       |     1 |       ||     1
    Use: Scroll            |     2 |     5 |     1 ||     8
   Stab: Sleeping          |     2 |     2 |       ||     4
 Armour: Animal skin       |    67 |   136 |    41 ||   244
         Steam dragon scal |       |       |   113 ||   113
  Dodge: Dodged            |    73 |   174 |   164 ||   411

Table legend: (Time is in decaauts)
 A = Elapsed time spent in this place.
 B = Non-inter-level travel time spent in this place.
 C = Inter-level travel time spent in this place.
 D = Time resting spent in this place.
 E = Time spent auto-exploring this place.
 F = Levels seen in this place.
 G = Mean time per level.
                   A        B        C        D        E       F      G
               +--------+--------+--------+--------+--------+-----+--------+
         Total |   5831 |   5831 |      0 |      9 |   4107 |   6 |  971.8 |
       Dungeon |   5831 |   5831 |      0 |      9 |   4107 |   6 |  971.8 |
               +--------+--------+--------+--------+--------+-----+--------+

Top non-repeatable levels by time:
     D:1: 1291 daAuts
     D:3: 1199 daAuts
     D:4: 1050 daAuts
     D:2: 808 daAuts
     D:6: 763 daAuts
     D:5: 717 daAuts
